 Dungeon Crawl Stone Soup version 0.29-a0-925-g0a7a3d12f8 (webtiles) character file.

Game seed: 8018343072420467999

199 Mesmaeker13 the Grasshopper (level 5, -3/45 HPs)
             Began as a Ghoul Warper on July 29, 2022.
             Slain by a howler monkey (7 damage)
             ... on level 4 of the Dungeon.
             The game lasted 00:04:26 (3426 turns).

Mesmaeker13 the Grasshopper (Ghoul Warper)          Turns: 3426, Time: 00:04:27

Health: -3/45      AC:  3    Str: 21    XL:     5   Next: 77%
Magic:  6/6        EV: 11    Int: 10    God:
Gold:   129        SH:  0    Dex:  8    Spells: 5/7 levels left

rFire   . . .      SeeInvis .     - Unarmed
rCold   + . .      Faith    .   (no shield)
rNeg    + + +      Spirit   .   a - +0 leather armour
rPois   ∞          Reflect  .   (no helmet)
rElec   .          Harm     .   (no cloak)
rCorr   .          Rampage  .   (no gloves)
Will    .....                   (no boots)
Stlth   +.........              (no amulet)
HPRegen 0.00/turn               t - +6 ring of strength
MPRegen 0.10/turn               (no ring)

@: inhibited regen
A: claws 1, cold resistance 1, negative energy resistance 3, inhibited
regeneration, torment resistance 2, devour on kill
a: no special abilities


You were on level 4 of the Dungeon.
You visited 1 branch of the dungeon, and saw 4 of its levels.

You collected 129 gold pieces.

Inventory:

Hand Weapons
 q - a +0 sling
 s - a +5 spear
Missiles
 c - 7 boomerangs of dispersal
 i - 5 javelins (quivered)
 j - 3 poisoned darts
Armour
 a - a +0 leather armour (worn)
 r - a +0 kite shield
Jewellery
 g - a ring of ice
 t - a +6 ring of strength (left claw)
Scrolls
 b - 3 scrolls of blinking
 d - a scroll of amnesia {unknown}
 e - 3 scrolls of identify {unknown}
 h - 2 scrolls of teleportation
 k - a scroll of immolation {unknown}
 l - a scroll of butterflies {unknown}
 n - a scroll of vulnerability {unknown}
 v - a scroll of poison {unknown}
Potions
 f - 2 potions of heal wounds {unknown}
 m - a potion of might {unknown}
 o - 2 potions of curing {unknown}
 p - a potion of magic {unknown}
 u - a potion of attraction {unknown}
 w - 2 potions of ambrosia {unknown}


   Skills:
 + Level 3.4 Fighting
 - Level 0.8 Throwing
 + Level 2.2 Armour
 + Level 2.7 Dodging
 + Level 3.4 Unarmed Combat
 - Level 1.7 Spellcasting
 + Level 3.4 Translocations


You had 5 spell levels left.
You knew the following spells:

 Your Spells              Type           Power      Damage    Failure   Level
a - Blink                 Tloc           14%        N/A       13%         2

Your spell library contained the following spells:

 Spells                   Type           Power      Damage    Failure   Level
 Gell's Gravitas          Tloc           7%         N/A       26%         3
 Lesser Beckoning         Tloc           7%         N/A       26%         3
 Teleport Other           Tloc           7%         N/A       26%         3
 Magic Dart               Conj           0%         1d3       36%         1
 Searing Ray              Conj           0%         2d4       50%         2
 Manifold Assault         Tloc           7%         N/A       94%         5
 Fulminant Prism          Conj/Hex       0%         3d6       98%         4


Dungeon Overview and Level Annotations

Branches:
Dungeon (4/15)
 Temple: D:4-7

Altars:
Ashenzari


Innate Abilities, Weirdness & Mutations

You are immune to poison.
You have sharp fingernails.
Your flesh is cold resistant. (rC+)
You are immune to negative energy. (rN+++)
You do not regenerate when monsters are visible.
You are immune to unholy pain and torment.
You thrive by killing the living.


Message History

You scratch the adder.
The adder is almost dead.
The adder bites you.
You scratch the adder.
You kill the adder!
You feel better.
You scratch the howler monkey.
The howler monkey is moderately wounded.
The howler monkey hits you but does no damage.
You closely miss the howler monkey.
The howler monkey is moderately wounded.
The howler monkey closely misses you.
You closely miss the howler monkey.
The howler monkey is moderately wounded.
The howler monkey hoots and howls with incredible vigour!
You hear an angry hiss.
You hear a shout!
The howler monkey attacks as you move away!
The howler monkey hits you. The howler monkey closely misses you.
You closely miss the howler monkey.
The howler monkey is moderately wounded.
The gnoll hits you from afar with a +0 halberd.
The howler monkey hits you!
You scratch the howler monkey.
The howler monkey is heavily wounded.
The gnoll barely misses you.
The howler monkey hoots and howls with incredible vigour!
You hear an angry hiss.
You barely miss the howler monkey.
The howler monkey is heavily wounded.
The gnoll barely misses you. The howler monkey barely misses you.
You claw the howler monkey!
The howler monkey is almost dead.
The gnoll hits you from afar with a +0 halberd!
* * * LOW HITPOINT WARNING * * *
The howler monkey hits you.
* * * LOW HITPOINT WARNING * * *
You scratch the howler monkey but do no damage.
The howler monkey is almost dead.
The howler monkey hits you!
You die...

..............#.......
......................
............##....#
...................# .
...##..............#..
............#.........
.......<###g#.........
........# #h#.........
........# #@#.........
......... #.##'##.####
......... #.....).....
########.####.........
#.##.#...#.....
#....†......###
####<#).....#
#.#.....## #.#.....#


You could see a howler monkey and a gnoll.

Vanquished Creatures
  A hound (D:3)
  Natasha (D:2)
  6 adders
  2 gnolls (D:3)
  4 dart slugs
  4 orcs
  4 endoplasms
  3 giant cockroaches
  6 goblins
  4 hobgoblins
  4 quokkas
  7 ball pythons
  6 bats
  3 frilled lizards
  4 kobolds
  4 rats
63 creatures vanquished.

Notes
Turn   | Place    | Note
-------+----------+-------------------------------------------
     0 | D:1      | Mesmaeker13 the Ghoul Warper began the quest for the Orb.
     0 | D:1      | Reached XP level 1. HP: 17/17 MP: 2/2
   111 | D:1      | Reached skill level 1 in Armour
   277 | D:1      | Reached XP level 2. HP: 15/25 MP: 3/3
   867 | D:1      | Learned a level 2 spell: Blink
  1201 | D:2      | Reached XP level 3. HP: 30/30 MP: 4/4
  1492 | D:2      | Found a faded altar of an unknown god.
  1914 | D:2      | Noticed Natasha
  1923 | D:2      | Killed Natasha
  1924 | D:2      | Reached XP level 4. HP: 6/37 MP: 5/5
  2552 | D:3      | Found a broken altar of Ashenzari.
  2602 | D:3      | Reached XP level 5. HP: 39/45 MP: 6/6
  2611 | D:3      | Identified the +0 ring mail "Apnumne" {*Corrode rPois
                  | Str+2}
  3426 | D:4      | Slain by a howler monkey

Illustrated notes

Levels and vault maps discovered:
D:1:      lemuel_arrival_river_ford, layout_loops_cross
D:2:      layout_basic, basic_ecumenical_altar, uniq_natasha
D:3:      layout_rooms, ashenzari_altar_1, kennysheep_another_room
D:4:      layout_basic, overflow_temple_1_default, tso_altar, serial_curves,
          eino_curves_01, eino_curves_03, eino_curves_02, eino_curves_02,
          st_stairs_4, kennysheep_nub

Skill      XL: |  1  2  3  4 |
---------------+-------------+-----
Armour         | 1 2 |  2.2
Dodging        | 2 |  2.7
Translocations | 3 |  3.4
Fighting       | 3 |  3.4
Unarmed Combat | 3 |  3.4
Throwing       | |  0.8
Spellcasting   | |  1.7

Action                   |  1- 3 |  4- 6 || total
-------------------------+-------+-------++-------
Melee: Unarmed           |   151 |   114 ||   265
       Punch             |     3 |       ||     3
Throw: Javelin           |       |     4 ||     4
  Use: Scroll            |       |     1 ||     1
Armor: Leather armour    |    47 |    23 ||    70
Dodge: Dodged            |    89 |    60 ||   149

Table legend: (Time is in decaauts)
 A = Elapsed time spent in this place.
 B = Non-inter-level travel time spent in this place.
 C = Inter-level travel time spent in this place.
 D = Time resting spent in this place.
 E = Time spent auto-exploring this place.
 F = Levels seen in this place.
 G = Mean time per level.
                   A        B        C        D        E       F      G
               +--------+--------+--------+--------+--------+-----+--------+
         Total |   3420 |   3343 |     77 |   1056 |   1728 |   4 |  855.0 |
       Dungeon |   3420 |   3343 |     77 |   1056 |   1728 |   4 |  855.0 |
               +--------+--------+--------+--------+--------+-----+--------+

Top non-repeatable levels by time:
     D:1: 1191 daAuts
     D:2: 1128 daAuts
     D:3: 1006 daAuts
     D:4: 94 daAuts
